 Dungeon Crawl Stone Soup version 0.16.1-11-g651b585 (webtiles) character file.

78 KarvaRausku the Shooter (level 4, -6/37 HPs)
             Began as a Minotaur Hunter on Apr 3, 2015.
             Was an Initiate of the Shining One.
             Mangled by trantor's ghost (9 damage)
             ... on level 3 of the Dungeon on Apr 6, 2015.
             The game lasted 00:08:53 (1756 turns).

KarvaRausku the Shooter (Minotaur Hunter)           Turns: 1756, Time: 00:08:53

Health: -6/37      AC:  3    Str: 17    XL:     4   Next: 15%
Magic:  2/2        EV: 12    Int:  8    God:    the Shining One [......]
Gold:   82         SH:  0    Dex: 11    Spells: 0 memorised, 3 levels left

rFire  . . .     SeeInvis .     b - +1 shortbow
rCold  . . .     Clarity  .     u - +0 leather armour (curse)
rNeg   . . .     SustAb   .     (no shield)
rPois  .         Gourm    .     (helmet restricted)
rElec  .         Spirit   .     (no cloak)
rCorr  .         Warding  .     (no gloves)
rMut   .         Stasis   .     (no boots)
MR     .....                    (no amulet)
Stlth  +.........               (no ring)
                                (no ring)

@: not resistant to hostile enchantments, very unstealthy
A: retaliatory headbutt, horns 2
a: Renounce Religion


You were on level 3 of the Dungeon.
You worshipped the Shining One.
The Shining One was noncommittal.
You were not hungry.

You visited 1 branch of the dungeon, and saw 3 of its levels.

You collected 82 gold pieces.

Inventory:

Hand weapons
 a - a +0 short sword
 b - a +1 shortbow (weapon)
 g - a +0 dagger
 j - a +0 short sword
 q - a +0 short sword
 s - a +0 whip
 t - a +0 mace
 w - a +0 hand axe
 C - a +3 rapier of electrocution
Missiles
 c - 33 arrows (quivered)
 l - 20 poisoned arrows
 o - 23 bolts
 r - 15 bolts of frost
Armour
 d - a +0 leather armour
 k - a +0 robe
 u - a cursed +0 leather armour (worn)
 v - a +0 scale mail
Scrolls
 h - a scroll of identify {unknown}
 x - a scroll of blinking {unknown}
 y - a scroll of random uselessness {unknown}
 z - a scroll of enchant armour {unknown}
 D - a scroll of remove curse {unknown}
 F - 3 scrolls of recharging {unknown}
 G - a scroll of teleportation
Potions
 e - 2 potions of might {unknown}
 m - a potion of curing {unknown}
 n - a potion of lignification {unknown}
 p - a potion of ambrosia {unknown}
 B - a potion of degeneration {unknown}
 E - a potion of restore abilities {unknown}
Comestibles
 f - 4 bread rations
 i - 3 meat rations
 A - a beef jerky


   Skills:
 + Level 2.5 Fighting
 + Level 5.9 Bows
 + Level 0.5 Armour
 + Level 2.5 Dodging
 + Level 1.1 Stealth


You had 3 spell levels left.
You didn't know any spells.

Dungeon Overview and Level Annotations

Branches:
Dungeon (3/15)

Altars:
The Shining One

Annotations:
D:3 trantor's ghost, average HESk


Innate Abilities, Weirdness & Mutations

You reflexively headbutt those who attack you in melee.
You have a pair of horns on your head.


Message History

Firing (i - inventory. (,) - cycle):
c - 36 arrows (quivered)
Press: ? - help, Shift-Dir - straight line, f/p - trantor's ghost
Aim: trantor's ghost (almost destroyed, shrouded)
You shoot an arrow.
The arrow closely misses trantor's ghost.
Trantor's ghost closely misses you.
Firing (i - inventory. (,) - cycle):
c - 35 arrows (quivered)
Press: ? - help, Shift-Dir - straight line, f/p - trantor's ghost
Aim: trantor's ghost (almost destroyed, shrouded)
You shoot an arrow.
The arrow barely misses trantor's ghost.
Trantor's ghost hits you!
* * * LOW HITPOINT WARNING * * *
Firing (i - inventory. (,) - cycle):
c - 34 arrows (quivered)
Press: ? - help, Shift-Dir - straight line, f/p - trantor's ghost
Aim: trantor's ghost (almost destroyed, shrouded)
You shoot an arrow.
The arrow barely misses trantor's ghost.
Trantor's ghost hits you!
You die...

### .... ..... ..
......#########(.(
.................?.
..........@W..(...(
..<.................
######.............(..
......#.#..............
.........##...#........?
.........###...........
.........###...........
...............#......
.........##.####.....


You could see trantor's ghost.

Vanquished Creatures
  Ijyb (D:2)
  Terence (D:2)
  2 worms
  2 giant cockroaches (D:1)
  3 hobgoblins
  9 jackals (D:1)
  7 kobolds
  3 bats
  A giant newt (D:2)
  3 goblins
  7 rats
39 creatures vanquished.

Notes
Turn   | Place    | Note
--------------------------------------------------------------
     0 | D:1      | KarvaRausku, the Minotaur Hunter, began the quest for the Orb.
     0 | D:1      | Reached XP level 1. HP: 18/18 MP: 1/1
    75 | D:1      | Reached XP level 2. HP: 20/25 MP: 1/1
   139 | D:1      | Reached skill level 5 in Bows
   469 | D:1      | Reached XP level 3. HP: 26/30 MP: 2/2
  1293 | D:2      | Found a glowing golden altar of the Shining One.
  1297 | D:2      | Became a worshipper of the Shining One
  1324 | D:2      | Noticed Ijyb
  1333 | D:2      | Killed Ijyb
  1333 | D:2      | Reached skill level 1 in Stealth
  1426 | D:2      | Noticed Terence
  1432 | D:2      | Killed Terence
  1432 | D:2      | Reached XP level 4. HP: 28/37 MP: 2/2
  1738 | D:3      | Noticed trantor's ghost (average HESk)
  1756 | D:3      | Mangled by trantor's ghost

Action                   |  1- 3 |  4- 6 || total
-------------------------+-------+-------++-------
 Fire: Shortbow          |    97 |    34 ||   131
  Use: Scroll            |     1 |       ||     1
  Eat: Chunk             |       |     2 ||     2
